 Dungeon Crawl Stone Soup version 0.28-a0-819-g6ef7baa362 (webtiles) character file.

Game seed: 18388695639051873855

9842 bande the Cleaver (level 11, -2/102 HPs)
             Began as a Gargoyle Fighter on Nov 9, 2021.
             Was a High Priest of Okawaru.
             Slain by a yak (8 damage)
             ... on level 11 of the Dungeon.
             The game lasted 00:17:41 (13088 turns).

bande the Cleaver (Gargoyle Fighter)               Turns: 13088, Time: 00:17:42

Health: -2/102     AC: 26    Str: 23    XL:     11   Next: 52%
Magic:  16/16      EV:  7    Int:  9    God:    Okawaru [*****.]
Gold:   691        SH:  6    Dex: 14    Spells: 10/10 levels left

rFire   . . .      SeeInvis +   D - +10 broad axe of Somewhere Else {vorpal, rElec rPois Dex+3 SInv}
rCold   . . .      Faith    .   B - +1 buckler {AC+3}
rNeg    + + +      Spirit   .   s - +0 plate armour "Tulusoc" {-Cast rN++ Str+2}
rPois   ∞          Reflect  .   F - +0 helmet
rElec   +          Harm     .   v - scarf {+Inv}
rCorr   .          Rampage  .   (no gloves)
Will    .....      NoCast   +   (no boots)
Stlth   ..........              (no amulet)
HPRegen 0.27/turn               j - ring of positive energy
MPRegen 0.15/turn               (no ring)

@: berserking, marked, very quick
A: sickness immunity, AC +8, negative energy resistance 1, electricity
resistance, torment resistance 1, petrification resistance
a: Renounce Religion, Evoke Invisibility, Heroism, Finesse, Duel


You were on level 11 of the Dungeon.
You worshipped Okawaru.
Okawaru was extremely pleased with you.
You visited 2 branches of the dungeon, and saw 12 of its levels.

You collected 691 gold pieces.

Inventory:

Hand Weapons
 a - a +1 war axe of flaming
 D - the +10 broad axe of Somewhere Else (weapon) {vorpal, rElec rPois Dex+3 SInv}
   (Okawaru gifted it to you on level 10 of the Dungeon)

   It inflicts extra damage upon your enemies.
   Dex:       It affects your dexterity (+3).
   rElec:     It insulates you from electricity.
   rPois:     It protects you from poison.
   SInv:      It lets you see invisible.
Missiles
 A - 4 throwing nets (quivered)
Armour
 h - a +0 kite shield
 n - a +0 cloak
 s - the +0 plate armour "Tulusoc" (worn) {-Cast rN++ Str+2}
   (You found it on level 5 of the Dungeon)

   Str:       It affects your strength (+2).
   rN:        It greatly protects you from negative energy.
   -Cast:     It prevents spellcasting.
 u - a +3 scale mail of fire resistance
 v - a scarf of invisibility (worn)
 B - a +1 buckler of protection (worn)
 F - a +0 helmet (worn)
Jewellery
 j - a ring of positive energy (left hand)
Wands
 p - a wand of polymorph (8)
 w - a wand of digging (5)
 y - a wand of flame (8)
Scrolls
 c - a scroll of fog
 q - a scroll of brand weapon
 x - 2 scrolls of enchant weapon
 C - a scroll of fear
 E - 2 scrolls of identify
Potions
 b - a potion of flight {unknown}
 d - 3 potions of might
 e - a potion of berserk rage
 f - 2 potions of invisibility {unknown}
 g - a potion of resistance {unknown}
 i - a potion of curing
 k - 2 potions of mutation {unknown}
 l - 2 potions of brilliance
 m - 2 potions of heal wounds
 o - 2 potions of attraction {unknown}
 z - a potion of haste {unknown}


   Skills:
 + Level 7.9 Fighting
 + Level 10.1 Axes
 + Level 8.8 Armour
 + Level 6.1 Shields
 * Level 7.5 Invocations
 * Level 5.0 Evocations


You had 10 spell levels left.
You didn't know any spells.
Your spell library contained the following spells:

 Spells                   Type           Power      Damage    Failure   Level
 Magic Dart               Conj           0%         1d3       99%         1
 Static Discharge         Conj/Air       0%         N/A       100%        2
 Mephitic Cloud           Conj/Pois/Air  0%         N/A       100%        3
 Blade Hands              Tmut           0%         N/A       100%        5
 Lightning Bolt           Conj/Air       0%         1d11      100%        5
 Iron Shot                Conj/Erth      0%         9d1       100%        6
 Maxwell's Capacitive Co  Air            0%         ∞         100%        8
 Call Imp                 Summ           Unusable   N/A       N/A         2
 Animate Armour           Summ/Erth      Unusable   N/A       N/A         4

Dungeon Overview and Level Annotations

Branches:
Dungeon (11/15)            Temple (1/1) D:4             Orc (0/2) D:11
   Lair: D:8-11

Altars:
Ashenzari
Dithmenos
Elyvilon
Fedhas
Gozag
Hepliaklqana
Makhleb
Nemelex Xobeh
Okawaru
Ru
Sif Muna
Trog
Vehumet
Wu Jian
Xom
Yredelemnul
Zin
The Shining One

Shops:
D:3 [   D:4 *   D:7 [   D:8 (

Annotations:
D:11 Nergalle


Innate Abilities, Weirdness & Mutations

You are immune to sickness and miasma.
Your stone body is resilient. (AC +8)
You are immune to poison.
You resist negative energy. (rN+)
You are resistant to electric shocks. (rElec)
You are resistant to unholy torment.
You are immune to petrification.


Message History

You barely miss the ten-headed hydra. You slice the yak!!
The ten-headed hydra bites you.
The ten-headed hydra bites you but does no damage.
The ten-headed hydra completely misses you.
The ten-headed hydra bites you but does no damage. x2
The ten-headed hydra bites you!
* * * LOW HITPOINT WARNING * * *
The ten-headed hydra bites you but does no damage. x4
The black bear bites you but does no damage.
The black bear claws you but does no damage. x2
The yak gores you.
* * * LOW HITPOINT WARNING * * *
You block the black bear's attack.
The black bear claws you but does no damage.
The black bear claws you.
* * * LOW HITPOINT WARNING * * *
Unknown command.
You slash the yak!
The yak is heavily wounded.
You closely miss the yak.
You hack one of the ten-headed hydra's heads off!
The nine-headed hydra grows two more!
You hit the 11-headed hydra. You slash the black bear!
You kill the black bear!
Okawaru accepts your kill.
You slash the black bear!
You kill the black bear!
Okawaru accepts your kill.
The 11-headed hydra bites you but does no damage.
The 11-headed hydra barely misses you. The 11-headed hydra bites you.
* * * LOW HITPOINT WARNING * * *
The 11-headed hydra bites you but does no damage. x2
The 11-headed hydra barely misses you. You block the 11-headed hydra's attack.
The 11-headed hydra bites you!
* * * LOW HITPOINT WARNING * * *
The 11-headed hydra bites you but does no damage.
You block the 11-headed hydra's attack.
The 11-headed hydra bites you but does no damage.
The yak gores you!
You die...

#..................
#................#
#................#
#.>..............#
##..............# #
##........)...##
#.###
######...cB####......
......o..coDY<..#...
.........9Z@Y......#
...######o###W###.##
.# #.. ...# ..
####.#.# . #. .# #.
.# #. .. .


You could see a boulder beetle, a 11-headed hydra, Nergalle, a centaur warrior,
a spectral orc knight (summoned), 2 yaks, an orc warrior, a gargoyle, a shadow,
a centaur and an orc priest (fast).

Vanquished Creatures
  2 two-headed ogres
  6 centaur zombies
  The ghost of croobank the Digger, a novice GrEE (D:6)
  A gargoyle (D:10)
  Maggie (D:7)
  A troll (D:9)
  A merfolk (D:9)
  Sigmund (D:6)
  A vampire (D:7)
  Eustachio (D:6)
  A wyvern (D:10)
  10 yaks
  2 vampire mosquitoes (D:10)
  Menkaure (D:7)
  Edmund (D:6)
  A water moccasin (D:7)
  3 orc warriors
  2 ice beasts
  5 black bears
  A necrophage (D:4)
  3 sky beasts
  6 centaurs
  4 ogres
  A phantom (D:5)
  5 bullfrogs
  2 kobold brigands (D:8)
  2 scorpions (D:6)
  A wyvern zombie (D:5)
  A gnoll sergeant (D:7)
  9 killer bees (D:9)
  3 wights (D:8)
  A howler monkey (D:11)
  A crimson imp (D:5)
  5 hounds
  A jelly (D:8)
  2 centaur skeletons
  An orc priest (D:9)
  2 iguanas (D:6)
  Crazy Yiuf (D:7)
  4 orc wizards
  A killer bee zombie (D:8)
  A hound skeleton (D:4)
  A howler monkey zombie (D:11)
  4 gnolls
  3 adders
  A shadow imp (D:4)
  2 white imps (D:5)
  3 adder skeletons
  4 dart slugs
  19 orcs
  4 bats
  8 endoplasms
  8 giant cockroaches
  7 goblins
  11 hobgoblins
  6 jackals
  21 kobolds
  5 quokkas
  3 training dummies (D:8)
  10 ball pythons
  3 frilled lizards
  4 rats
  A rat zombie (D:5)
228 creatures vanquished.

Vanquished Creatures (others)
  4 fungi
  12 plants
16 creatures vanquished.

Grand Total: 244 creatures vanquished

Notes
Turn   | Place    | Note
-------+----------+-------------------------------------------
     0 | D:1      | bande the Gargoyle Fighter began the quest for the Orb.
     0 | D:1      | Reached XP level 1. HP: 14/14 MP: 1/1
   225 | D:1      | Reached XP level 2. HP: 18/19 MP: 2/2
   339 | D:1      | Reached skill level 2 in Axes
   352 | D:1      | Reached XP level 3. HP: 19/23 MP: 3/3
  1281 | D:2      | Reached XP level 4. HP: 28/28 MP: 4/4
  1674 | D:3      | Found a faded altar of an unknown god.
  1882 | D:3      | Reached skill level 3 in Axes
  1981 | D:3      | Found Araebid's Antique Armour Boutique.
  2643 | D:4      | Reached XP level 5. HP: 24/33 MP: 5/5
  2742 | D:4      | Found a staircase to the Ecumenical Temple.
  2774 | D:4      | Noticed a necrophage
  2792 | D:4      | Killed a necrophage
  2793 | D:4      | Reached XP level 6. HP: 24/38 MP: 6/6
  2810 | Temple   | Entered the Ecumenical Temple
  2955 | Temple   | Became a worshipper of Warmaster Okawaru
  3009 | D:4      | Reached skill level 4 in Axes
  3083 | D:4      | Found Baodyweq's General Store.
  3388 | D:5      | Entered Level 5 of the Dungeon
  3395 | D:5      | Reached skill level 1 in Invocations
  3724 | D:5      | Reached XP level 7. HP: 35/44 MP: 8/8
  3981 | D:5      | Found a burning altar of Makhleb.
  3982 | D:5      | Found a radiant altar of Vehumet.
  4042 | D:5      | Reached skill level 5 in Axes
  4199 | D:5      | Reached * piety under Okawaru
  4536 | D:5      | Found an opulent altar of Gozag.
  4839 | D:5      | Identified the +0 plate armour "Tulusoc" {-Cast rN++ Str+2}
  4935 | D:6      | Reached skill level 5 in Armour
  4972 | D:6      | Noticed Eustachio
  4991 | D:6      | Reached XP level 8. HP: 20/48 MP: 10/10
  4994 | D:6      | Killed Eustachio
  4995 | D:6      | Reached skill level 5 in Fighting
  4995 | D:6      | Reached skill level 6 in Axes
  5346 | D:6      | Found a runed translucent door.
  5347 | D:6      | Noticed croobank's ghost (novice GrEE)
  5373 | D:6      | Reached ** piety under Okawaru
  5468 | D:6      | Reached skill level 5 in Shields
  5595 | D:6      | Noticed Edmund
  5607 | D:6      | Killed Edmund
  5608 | D:6      | Reached skill level 7 in Axes
  5608 | D:6      | Reached skill level 1 in Evocations
  5608 | D:6      | Reached XP level 9. HP: 39/54 MP: 12/12
  5629 | D:6      | Noticed Sigmund
  5642 | D:6      | Killed Sigmund
  5971 | D:6      | Found a white marble altar of Elyvilon.
  6073 | D:6      | Found a hazy altar of Hepliaklqana.
  6133 | D:6      | Killed croobank's ghost
  6133 | D:6      | Reached *** piety under Okawaru
  6628 | D:7      | Reached skill level 5 in Invocations
  6629 | D:7      | Noticed Maggie
  6639 | D:7      | Killed Maggie
  6905 | D:7      | Reached skill level 8 in Axes
  7061 | D:7      | Reached **** piety under Okawaru
  7091 | D:7      | Reached XP level 10. HP: 16/61 MP: 14/14
  7516 | D:7      | Noticed Menkaure
  7527 | D:7      | Killed Menkaure
  8334 | D:7      | Identified the +3 leather armour "Ugofacir" {Int+10 Dex+4}
  8368 | D:7      | Found Jemyro's Antique Armour Shop.
  8405 | D:7      | Found a runed translucent door.
  8406 | D:7      | Noticed Crazy Yiuf
  8568 | D:7      | Killed Crazy Yiuf
  8889 | D:8      | Found a bloodstained altar of Trog.
  9030 | D:8      | Found a sparkling altar of Nemelex Xobeh.
  9526 | D:8      | Found Fimeb Isi's Firing Range.
 10562 | D:9      | Reached skill level 9 in Axes
 10581 | D:9      | Reached ***** piety under Okawaru
 10775 | D:9      | Noticed a two-headed ogre
 10786 | D:9      | Killed a two-headed ogre
 11390 | D:9      | Reached XP level 11. HP: 57/67 MP: 16/16
 11748 | D:10     | Entered Level 10 of the Dungeon
 12325 | D:10     | Noticed a two-headed ogre
 12340 | D:10     | Killed a two-headed ogre
 12340 | D:10     | Identified the +10 broad axe of Somewhere Else {vorpal,
                  | rElec rPois Dex+3 SInv} (Okawaru gifted it to you on level
                  | 10 of the Dungeon)
 12340 | D:10     | Received a gift from Okawaru
 12789 | D:10     | Reached skill level 10 in Axes
 13043 | D:11     | Found a staircase to the Orcish Mines.
 13062 | D:11     | Noticed a boulder beetle
 13070 | D:11     | Noticed a centaur warrior
 13071 | D:11     | Noticed an eight-headed hydra
 13075 | D:11     | Reached skill level 5 in Evocations
 13084 | D:11     | Noticed Nergalle
 13088 | D:11     | Slain by a yak

Illustrated notes

Levels and vault maps discovered:
D:1:      dpeg_arrival_arbitrary_b, layout_basic, minmay_pentomino_w4
D:2:      layout_basic, solitary_fountain, st_stairs_10, minivault_11
D:3:      layout_loops_ring, serial_shops, nicolae_diamond_shop,
          shapermc_ecumenical_altar_acropolis, minmay_misc_feat_encased,
          chequers_hall_statues_corner_a, serial_bayou_pond_e
D:4:      layout_cave_pools, temple_pool_b, serial_shops, shop,
          corexii_leaking_fountain
D:5:      layout_basic, marbit_many_paths,
          grunt_temple_overflow_lords_of_destruction, enter_ossuary_3
D:6:      layout_rooms, nzn_hepliaklqana_mist_gate,
          mainiacjoe_overflow_cross_hatched, ebering_ghost_reflecting_pool,
          sigmund_edmund_badplayer, uniq_eustachio
D:7:      layout_basic, serial_shops, nicolae_square_shop, minivault_1,
          minmay_misc_feat_room, corexii_checkpoint_a, minmay_misc_feat_square,
          uniq_menkaure, uniq_maggie, uniq_crazy_yiuf_cottage
D:8:      layout_basic, general_overflow_altar,
          mainiacjoe_overflow_surrounded_room, nicolae_shop_firing_range
D:9:      layout_small_grid, serial_rivers, chequers_serial_rivers_small_3,
          chequers_serial_rivers_large_b, chequers_serial_rivers_micro_e,
          chequers_serial_rivers_large_a, hangedman_fish_farm
D:10:     layout_basic
D:11:     layout_rooms, grunt_lair_entry_orc_guard_hut, grunt_decor_arrowhead,
          uniq_nergalle
Temple:   regret_index_temple_waves

Skill      XL: |  1  2  3  4  5  6  7  8  9 10 11 |
---------------+----------------------------------+-----
Axes           | 2 3 4 5 7 8 9 10 | 10.1
Shields        | 4 5 6 |  6.1
Armour         | 4 5 6 7 8 |  8.8
Fighting       | 4 5 6 7 |  7.9
Invocations    | 1 3 4 5 6 7 |  7.5
Evocations     | 1 3 4 5 |  5.0

Action                   |  1- 3 |  4- 6 |  7- 9 | 10-12 || total
-------------------------+-------+-------+-------+-------++-------
Melee: War axe           |   144 |   171 |   224 |   306 ||   845
       Broad axe         |       |       |       |    56 ||    56
  Use: Scroll            |     7 |     4 |     1 |     6 ||    18
       Potion            |       |       |     1 |     2 ||     3
Armor: Scale mail        |    84 |    49 |       |       ||   133
       Chain mail        |       |    66 |    34 |       ||   100
       Plate armour      |       |       |   174 |   326 ||   500
Dodge: Dodged            |    71 |    74 |    86 |   131 ||   362
Block: Buckler           |    42 |    39 |    54 |   102 ||   237

Table legend: (Time is in decaauts)
 A = Elapsed time spent in this place.
 B = Non-inter-level travel time spent in this place.
 C = Inter-level travel time spent in this place.
 D = Time resting spent in this place.
 E = Time spent auto-exploring this place.
 F = Levels seen in this place.
 G = Mean time per level.
                   A        B        C        D        E       F      G
               +--------+--------+--------+--------+--------+-----+--------+
         Total |  13310 |  13032 |    278 |   3094 |   7633 |  12 | 1109.2 |
       Dungeon |  13126 |  12886 |    240 |   3094 |   7500 |  11 | 1193.3 |
        Temple |    184 |    146 |     38 |      0 |    133 |   1 |  184.0 |
               +--------+--------+--------+--------+--------+-----+--------+

Top non-repeatable levels by time:
     D:9: 2052 daAuts
     D:7: 1887 daAuts
     D:6: 1785 daAuts
     D:5: 1691 daAuts
    D:10: 1276 daAuts
     D:1: 1099 daAuts
     D:8: 1055 daAuts
     D:3: 956 daAuts
     D:4: 630 daAuts
     D:2: 623 daAuts
  Temple: 184 daAuts
    D:11: 68 daAuts
